 Dungeon Crawl Stone Soup version 0.29.1-1-gd02db6906a (webtiles) character file.

Game seed: 5025969808142023141

598 EvilAshe the Changer (level 7, -1/48 HPs)
             Began as a Merfolk Transmuter on Sept 18, 2022.
             Slain by an ice beast (2 damage)
             ... on level 5 of the Dungeon.
             The game lasted 00:13:49 (6101 turns).

EvilAshe the Changer (Merfolk Transmuter)           Turns: 6101, Time: 00:13:49

Health: -1/48      AC:  4    Str: 14    XL:     7   Next: 40%
Magic:  19/19      EV: 12    Int: 16    God:
Gold:   171        SH:  0    Dex: 16    Spells: 4/10 levels left

rFire   . . .      SeeInvis .     - Unarmed
rCold   . . .      Faith    .   (no shield)
rNeg    . . .      Spirit   .   o - +0 leather armour
rPois   .          Reflect  .   (helmet currently unavailable)
rElec   .          Harm     .   (no cloak)
rCorr   .          Rampage  .   j - +0 pair of gloves
Will    +....                   (boots currently unavailable)
Stlth   +.........              (no amulet)
HPRegen 0.16/turn               a - ring of Wussiet {Wiz Will+ Str+3 Int+4}
MPRegen 0.16/turn               s - ring of magical power

@: about to teleport, appendages
A: horns 2, (nimble swimmer 2), mertail
a: End Transformation


You were on level 5 of the Dungeon.
You had temporarily grown beastly horns.
You visited 1 branch of the dungeon, and saw 5 of its levels.

You collected 298 gold pieces.
You spent 127 gold pieces at shops.

Inventory:

Missiles
 l - 4 poisoned darts (quivered)
Armour
 j - a +0 pair of gloves (worn)
 o - a +0 leather armour (worn)
 x - a +0 pair of boots (melded)
Jewellery
 a - the ring of Wussiet (left hand) {Wiz Will+ Str+3 Int+4}
   (You found it on level 2 of the Dungeon)

   [ring of wizardry]

   It improves your spell success rate.
   Str:       It affects your strength (+3).
   Int:       It affects your intelligence (+4).
   Will:      It increases your willpower.
 s - a ring of magical power (right hand)
Wands
 q - a wand of mindburst (22)
Scrolls
 c - 3 scrolls of identify
 d - a scroll of acquirement {unknown}
 e - a scroll of summoning {unknown}
 h - a scroll of blinking {unknown}
 k - 2 scrolls of fear
 m - a scroll of amnesia {unknown}
 n - a scroll of enchant armour {unknown}
 p - a scroll of magic mapping {unknown}
 t - a scroll of enchant weapon {unknown}
 v - a scroll of fog
 y - a scroll of torment {unknown}
Potions
 b - 2 potions of lignification
 g - 2 potions of curing
 i - 2 potions of heal wounds
 r - 2 potions of mutation
 u - a potion of brilliance
 w - 2 potions of invisibility
 z - a potion of cancellation


   Skills:
 - Level 1.1 Fighting
 - Level 2.6 Dodging
 + Level 6.8 Unarmed Combat
 - Level 2.0 Spellcasting
 + Level 7.6 Transmutations


You had 4 spell levels left.
You knew the following spells:

 Your Spells              Type           Power      Damage    Failure   Level
a - Beastly Appendage     Tmut           52%        N/A       1%          1
b - Wereblood             Tmut           26%        N/A       1%          2
q - Spider Form           Tmut/Pois      13%        N/A       7%          3

Your spell library contained the following spells:

 Spells                   Type           Power      Damage    Failure   Level
 Ice Form                 Ice/Tmut       13%        N/A       22%         4


Dungeon Overview and Level Annotations

Branches:
Dungeon (5/15)
 Temple: D:4-7

Altars:
Uskayaw

Shops:
D:1 *!?(

Annotations:
D:4 3 runed translucent doors, Camille's ghost, amateur DgIE; Shym's ghost, amateur TrGl; bear's ghost, amateur DjSu; heinrich's ghost, weakling VSDe


Innate Abilities, Weirdness & Mutations

You have temporarily grown beastly horns.
((You are very nimble when in or above water. (Stealth+, EV+, Speed+++)))
Your lower body shifts to a powerful aquatic tail in water.


Message History

A water moccasin comes into view.
The water moccasin hisses angrily.
Aiming: Mindburst
Press: ? - help, Shift-Dir - straight line, f - water moccasin
Aim: a water moccasin (chance to affect: 64%)
The water moccasin's mind is blasted!
Aiming: Mindburst
Press: ? - help, Shift-Dir - straight line, f/p - water moccasin
Aim: a water moccasin (heavily wounded, chance to affect: 64%)
The water moccasin's mind is blasted!!
You blow up the water moccasin!
Found a mace.
i - 2 potions of heal wounds (gained 1)
An ice beast comes into view.
A necrophage comes into view.
Casting: Spider Form (dangerous; 7% risk of failure)
Confirm with . or Enter, or press ? or * to list all spells.
You grow a pair of large bovine horns.
Your +0 pair of boots melds into your body.
The ice beast hits you. The ice beast freezes you!
You closely miss the ice beast. The ice beast misses you.
You closely miss the ice beast. The ice beast closely misses you.
You hit the ice beast.
The ice beast is lightly wounded.
The ice beast misses you.
You barely miss the ice beast.
The ice beast is lightly wounded.
The ice beast hits you. The ice beast freezes you!
You hit the ice beast but do no damage.
The ice beast is lightly wounded.
As you read the scroll of teleportation, it crumbles to dust.
You feel strangely unstable. The ice beast barely misses you.
The ice beast attacks as you move away! The ice beast closely misses you.
The ice beast attacks as you move away! The ice beast hits you.
The ice beast freezes you!
* * * LOW HITPOINT WARNING * * *
Your surroundings seem slightly different.
As you read the scroll of teleportation, it crumbles to dust.
You feel strangely unstable. The ice beast hits you.
You die...

##............#####
#.###......##.###.## .......##
##..# #.##....# .##.# #....
#.# ..#.### ### #..##.#
#.#...# ........##..n.###
#.###.## ##..####.....Y...###
#.# #...
#.....####..@...ยง..###.######
#............####............
#.....######.. #......#####.
#.....# ###. #####........
..###.....### .. ##..#####
.........<..# ## #..##
..###.....#..# #...#
#.....##...# #...# #.....#
##.... #...#


You could see an ice beast and a necrophage.

Vanquished Creatures
  A wyvern (D:5)
  Edmund (D:5)
  A water moccasin (D:5)
  2 jellies (D:4)
  An orc priest (D:4)
  3 adders
  4 worms
  2 dart slugs
  9 orcs
  7 bats
  5 endoplasms
  A giant cockroach (D:4)
  7 goblins
  10 hobgoblins
  10 jackals
  3 quokkas
  9 ball pythons
  2 frilled lizards
  5 kobolds
  7 rats
90 creatures vanquished.

Vanquished Creatures (others)
  2 withered plants (D:4)
2 creatures vanquished.

Grand Total: 92 creatures vanquished

Notes
Turn   | Place    | Note
-------+----------+-------------------------------------------
     0 | D:1      | EvilAshe the Merfolk Transmuter began the quest for the
                  | Orb.
     0 | D:1      | Reached XP level 1. HP: 15/15 MP: 3/3
   222 | D:1      | Reached skill level 3 in Transmutations
   230 | D:1      | Reached XP level 2. HP: 2/21 MP: 5/5
   636 | D:1      | Found a faded altar of an unknown god.
   681 | D:1      | Learned a level 2 spell: Wereblood
   711 | D:1      | Found Camon's Magic Scroll Shoppe.
   719 | D:1      | Bought a scroll of teleportation for 39 gold pieces
   735 | D:1      | Found Ixearrol's Distillery.
   861 | D:1      | Bought a potion of curing for 36 gold pieces
   868 | D:1      | Found Koyh's General Store.
   956 | D:1      | Found Woeniatt's Antique Weapon Emporium.
  1079 | D:1      | Reached XP level 3. HP: 18/26 MP: 6/6
  1484 | D:1      | Bought a scroll of fear for 52 gold pieces
  1590 | D:2      | Reached skill level 4 in Transmutations
  2306 | D:2      | Identified the ring of Wussiet {Wiz Will+ Str+3 Int+4}
  2614 | D:2      | Reached XP level 4. HP: 32/32 MP: 5/7
  3869 | D:3      | Found a hide-covered altar of Uskayaw.
  4419 | D:5      | Entered Level 5 of the Dungeon
  4443 | D:4      | Found a runed translucent gate.
  4443 | D:4      | Found a runed translucent gate.
  4443 | D:4      | Found a runed translucent gate.
  4445 | D:4      | Noticed heinrich's ghost (weakling VSDe)
  4445 | D:4      | Noticed Shym's ghost (amateur TrGl)
  4446 | D:4      | Noticed Camille's ghost (amateur DgIE)
  4446 | D:4      | Noticed bear's ghost (amateur DjSu)
  4448 | D:5      | Noticed Edmund
  4521 | D:4      | Reached skill level 5 in Transmutations
  4531 | D:4      | Learned a level 3 spell: Spider Form
  4773 | D:4      | Reached XP level 5. HP: 37/37 MP: 8/8
  4810 | D:4      | Reached skill level 5 in Unarmed Combat
  5497 | D:4      | Reached XP level 6. HP: 17/43 MP: 9/9
  5867 | D:5      | Noticed a wyvern
  5895 | D:5      | Killed a wyvern
  5896 | D:5      | Reached skill level 6 in Transmutations
  6009 | D:5      | Killed Edmund
  6010 | D:5      | Reached skill level 7 in Transmutations
  6010 | D:5      | Reached XP level 7. HP: 48/48 MP: 10/10
  6100 | D:5      | HP: 1/48 [ice beast (14)]
  6101 | D:5      | Slain by an ice beast

Illustrated notes

Levels and vault maps discovered:
D:1:      dpeg_arrival_houses_and_road, layout_basic, serial_shops,
          nicolae_shop_statue_plus, shop, shop, nicolae_shop_advertising_works
          [nicolae_subvault_shop_adworks], basic_ecumenical_altar
D:2:      minmay_razor_zed, layout_basic
D:3:      layout_loops_corners, mainiacjoe_overflow_tiny_flanked, hex_tiny,
          dk_noncrumbling_4
D:4:      layout_cave_pods, gammafunk_ghost_cemetery
D:5:      layout_rooms, uniq_edmund

Skill      XL: |  1  2  3  4  5  6 |
---------------+-------------------+-----
Transmutations | 3 4 5 7 |  7.6
Unarmed Combat | 4 5 6 |  6.8
Fighting       | |  1.1
Dodging        | |  2.6
Spellcasting   | |  2.0

Action                   |  1- 3 |  4- 6 |  7- 9 || total
-------------------------+-------+-------+-------++-------
Melee: Unarmed           |   130 |   161 |     5 ||   296
       Headbutt          |    18 |    12 |       ||    30
       Punch             |     2 |     6 |       ||     8
Throw: Dart              |     3 |    11 |       ||    14
 Cast: Beastly Appendage |    21 |    18 |     1 ||    40
       Wereblood         |       |     2 |       ||     2
       Spider Form       |       |     1 |       ||     1
Evoke: Wand              |       |     5 |     2 ||     7
  Use: Scroll            |       |     6 |     2 ||     8
 Stab: Sleeping          |     2 |     1 |       ||     3
Armor: Robe              |     7 |       |       ||     7
       Leather armour    |     1 |    30 |       ||    31
Dodge: Dodged            |    86 |    98 |     5 ||   189
